AoeStats
← Alexander

Arena

510510996Analyzed
4v4 RM · 17h ago on Oct 1, 2026· 51m 59s· 8 players
Game mode
Random Map
Map size
Large (8 player)
Population
200
Speed
Normal
Resources
Standard
Victory
Conquest
Starting age
Dark Age
Ending age
Imperial Age
RankedLock teamsTeams togetherTeam positionsShared explorationLock speedFull tech treeHidden civsTurbo modeCheats
Victory
Defeat
🇩🇪 Italians · Germany
1225
+14
🇹🇼 Persians · Taiwan
1201
+15
🇫🇷 Ethiopians · France
1182
+16
🇫🇮 Turks · Finland
1147
+17
🇹🇼 Poles · Taiwan
1214
-17
🇯🇵 Malay · Japan
1206
-17
🇷🇺 Danes · Russia
1150
-14
🇨🇳 Italians · China
1136
-14
La Teigne
11:29 Feudal Age
15:02 Castle Age
12:54 Horse Collar
13:02 Double-Bit Axe
15:58 Bow Saw
16:22 Heavy Plow
17:17 Loom
18:08 Wheelbarrow
29:02 Imperial Age
26:42 Gold Mining
26:46 Stone Mining
28:31 Hand Cart
28:02 Town Watch
28:56 Fletching
29:06 Padded Archer Armor
29:45 Bodkin Arrow
30:59 Chemistry
29:38 Crossbowman
30:45 Leather Archer Armor
30:27 Arbalester
32:37 Gold Shaft Mining
32:20 Bracer
32:53 Siege Engineers
34:16 Ring Archer Armor
34:13 Ballistics
34:03 Thumb Ring
36:54 Halberdier
37:34 Squires
37:19 Arson
37:40 Scale Mail Armor
37:51 Forging
39:15 Stone Shaft Mining
42:46 Chain Mail Armor
43:06 Iron Casting
47:07 Elite Skirmisher
Paarradisel
10:16 Feudal Age
14:00 Castle Age
12:00 Double-Bit Axe
12:01 Horse Collar
13:39 Gold Mining
15:19 Bow Saw
19:24 Heavy Plow
26:54 Imperial Age
24:10 Loom
25:04 Wheelbarrow
24:15 Town Watch
25:30 Scale Barding Armor
25:37 Forging
25:24 Light Cavalry
26:53 Town Patrol
27:19 Chain Barding Armor
27:46 Bloodlines
28:51 Iron Casting
28:55 Hand Cart
29:54 Hussar
32:52 Two-Man Saw
33:01 Blast Furnace
33:24 Chemistry
33:07 Crop Rotation
35:47 Pirotechnia
36:46 Plate Barding Armor
44:41 Ballistics
44:42 Bombard Tower
48:56 Stone Mining
WihtoriKosola
11:09 Feudal Age
15:01 Castle Age
13:58 Double-Bit Axe
14:00 Horse Collar
16:45 Bow Saw
18:17 Gold Mining
24:40 Imperial Age
23:25 Gold Shaft Mining
24:37 Wheelbarrow
26:46 Padded Archer Armor
33:22 Conscription
33:20 Artillery
38:17 Leather Archer Armor
40:54 Hand Cart
51:45 Ring Archer Armor
52:25 Ballistics
Alexander
10:20 Feudal Age
11:14 Loom
14:29 Castle Age
12:54 Double-Bit Axe
12:52 Horse Collar
16:08 Bow Saw
20:26 Bloodlines
24:21 Husbandry
26:41 Scale Barding Armor
27:09 Forging
31:21 Imperial Age
29:08 Heavy Plow
31:27 Wheelbarrow
30:53 Gold Mining
30:51 Town Watch
31:46 Chain Barding Armor
31:05 Cavalier
33:30 Plate Barding Armor
34:38 Iron Casting
35:17 Conscription
35:05 Savar
35:31 Pikeman
36:44 Scale Mail Armor
37:57 Blast Furnace
37:02 Halberdier
38:22 Squires
39:19 Chain Mail Armor
42:24 Plate Mail Armor
44:22 Fletching
46:59 Arson
49:20 Ballistics
50:56 Hand Cart
50:45 Town Patrol
50:57 Caravan
52:23 Bodkin Arrow
七里香豬屁桃
11:25 Feudal Age
14:57 Castle Age
12:55 Horse Collar
13:03 Double-Bit Axe
15:48 Bow Saw
21:07 Heavy Plow
22:15 Wheelbarrow
23:04 Fortified Wall
23:46 Hand Cart
27:14 Imperial Age
24:54 Stone Mining
24:55 Gold Mining
26:18 Scale Barding Armor
26:23 Forging
26:28 Treadmill Crane
27:01 Masonry
27:53 Chain Barding Armor
29:04 Iron Casting
29:40 Crop Rotation
29:58 Bloodlines
29:49 Husbandry
29:11 Light Cavalry
31:17 Blast Furnace
30:26 Winged Hussar
32:09 Szlachta Privileges
32:24 Lechitic Legacy
32:41 Lechitic Legacy
36:59 Ballistics
37:39 Chemistry
36:36 Murder Holes
36:37 Fletching
36:47 Padded Archer Armor
36:48 Scale Mail Armor
168kcal
11:34 Feudal Age
14:42 Castle Age
13:15 Double-Bit Axe
13:10 Horse Collar
13:31 Loom
15:49 Wheelbarrow
19:31 Bow Saw
20:14 Town Watch
21:00 Hand Cart
25:13 Gold Mining
25:13 Stone Mining
25:10 Pikeman
25:56 Squires
26:49 Forging
30:38 Imperial Age
29:05 Iron Casting
28:37 Scale Barding Armor
28:19 Arson
29:07 Heavy Plow
29:43 Gold Shaft Mining
29:44 Stone Shaft Mining
29:54 Town Patrol
29:50 Halberdier
31:51 Blast Furnace
32:18 Conscription
32:20 Husbandry
31:45 Elite Battle Elephant
34:06 Chemistry
33:18 Masonry
38:59 Fletching
39:17 Siege Engineers
40:53 Man-at-Arms
41:37 Forced Levy
41:25 Long Swordsman
42:14 Two-Handed Swordsman
xxxx
3:00 Loom
9:40 Feudal Age
14:23 Castle Age
12:55 Double-Bit Axe
14:31 Scale Mail Armor
15:14 Gold Mining
15:37 Loom
23:04 Horse Collar
24:12 Heavy Plow
25:06 Bow Saw
27:56 Wheelbarrow
28:27 Stone Mining
28:09 Pikeman
30:00 Stone Shaft Mining
30:37 Hand Cart
31:39 Gold Shaft Mining
35:48 Imperial Age
34:39 Chain Mail Armor
34:35 Forging
34:16 Fletching
34:58 Squires
34:25 Hamask
36:49 Iron Casting
37:09 Conscription
37:27 Plate Mail Armor
36:46 Elite Skirmisher
37:32 Thumb Ring
37:52 Ballistics
38:33 Chemistry
38:12 Elite Varangian Guard
39:55 Bodkin Arrow
40:00 Padded Archer Armor
42:04 Bracer
42:19 Leather Archer Armor
43:14 Halberdier
44:39 Ring Archer Armor
45:10 Blast Furnace
45:21 Town Watch
47:27 Capped Ram
脖子右拧
11:06 Feudal Age
16:29 Castle Age
14:43 Double-Bit Axe
14:51 Gold Mining
16:33 Horse Collar
16:48 Stone Mining
17:56 Bow Saw
22:57 Fletching
23:34 Padded Archer Armor
25:49 Leather Archer Armor
28:17 Thumb Ring
28:13 Bodkin Arrow
33:56 Imperial Age
33:07 Ballistics
47:37 Elite Skirmisher
Connection lost

Rejoining the realm…

Still unreachable

The connection could not be restored.

Session expired

The server has moved on; the page needs a fresh start.